 Dungeon Crawl Stone Soup version 0.21.0-22-g11d5b52 (webtiles) character file.

132 pstr the Digger (level 5, -5/43 HPs)
             Began as a Naga Earth Elementalist on Jan 18, 2018.
             Killed from afar by vogonpoet's ghost (9 damage)
             ... with a puff of frost
             ... on level 4 of the Dungeon.
             The game lasted 00:07:47 (3522 turns).

pstr the Digger (Naga Earth Elementalist)           Turns: 3522, Time: 00:07:47

Health: -5/43      AC:  2    Str: 10    XL:     5   Next: 15%
Magic:  7/9        EV: 15    Int: 17    God:
Gold:   148        SH:  0    Dex: 16    Spells: 6/10 levels left

rFire    . . .     SeeInvis +   (no weapon)
rCold    . . .     Gourm    .   (no shield)
rNeg     . . .     Faith    .   c - +0 robe
rPois    +         Spirit   .   (no helmet)
rElec    .         Reflect  .   (no cloak)
rCorr    .         Harm     .   (no gloves)
MR       .....                  (no barding)
Stlth    ++++......             (no amulet)
HPRegen  0.14/turn              (no ring)
MPRegen  0.11/turn              (no ring)

@: agile, flying (expiring), hasted, quick
A: large, see invisible, deformed body, poison resistance, slowness 2, slow
metabolism 1, spit poison 1, AC +1
a: Spit Poison


You were on level 4 of the Dungeon.
You were hungry.

You visited 1 branch of the dungeon, and saw 4 of its levels.

You collected 148 gold pieces.

Inventory:

Hand Weapons
 l - a +0 whip of electrocution
Missiles
 b - 56 stones (quivered)
Armour
 c - a +0 robe (worn)
 s - a +0 leather armour
Jewellery
 a - an uncursed ring of flight {unknown}
Wands
 o - a wand of digging (14)
 t - a wand of paralysis (7)
Scrolls
 f - 11 scrolls of identify {unknown}
 g - 3 scrolls of remove curse {unknown}
 i - 2 scrolls of amnesia {unknown}
 j - a scroll of fear {unknown}
 m - a scroll of enchant weapon {unknown}
 p - a scroll of fog {unknown}
 q - a scroll of random uselessness {unknown}
 r - 3 scrolls of teleportation {unknown}
 u - a scroll of magic mapping {unknown}
Potions
 h - 2 potions of flight
 k - a potion of curing
Books
 e - a book of Geomancy

   Spells                             Type                      Level
   a - Sandblast                      Earth                        1
   b - Passwall                       Transmutation/Earth          2
   c - Stone Arrow                    Conjuration/Earth            3
   d - Petrify                        Transmutation/Earth          4
   e - Lee's Rapid Deconstruction     Earth                        5
Comestibles
 d - 9 rations


   Skills:
 + Level 0.4 Fighting
 + Level 2.0 Dodging
 + Level 3.6 Stealth
 + Level 3.2 Spellcasting
 + Level 1.0 Conjurations
   Level 1.0 Transmutations
 + Level 4.1 Earth Magic


You had 6 spell levels left.
You knew the following spells:

 Your Spells              Type           Power        Failure   Level  Hunger
a - Sandblast             Erth           ###...       3%          1    None
b - Stone Arrow           Conj/Erth      ##....       17%         3    ###....


Dungeon Overview and Level Annotations

Branches:
Dungeon (4/15)
 Temple: D:4-7

Altars:

Annotations:
D:4 vogonpoet's ghost, amateur HuIE


Innate Abilities, Weirdness & Mutations

You cannot wear boots.
Your serpentine skin is tough. (AC +1)
You have supernaturally acute eyesight. (SInv)
Armour fits poorly on your strangely shaped body.
Your system is resistant to poisons. (rPois)
You cover ground very slowly.
You have a slow metabolism.
You can spit poison.


Message History

The puff of frost hits you!
* * * LOW HITPOINT WARNING * * *
You feel better.
Vogonpoet's ghost whispers, "Soon you will have time, lots of time..."
It was a potion of agility.
You feel agile all of a sudden.
It was a potion of haste.
You feel yourself speed up. Vogonpoet's ghost closely misses you.
Found a glowing whip.
Vogonpoet's ghost points at you and mumbles some strange words.
The puff of frost hits you!
* * * LOW HITPOINT WARNING * * *
A worm comes into view.
You see here a glowing whip.
l - a glowing whip You are starting to lose your buoyancy.
Vogonpoet's ghost says, "An ice sculpture of you would look very nice here."
Vogonpoet's ghost points at you and mumbles some strange words.
The puff of frost hits you!
You die...

#.........##.####
#.....##........#
#.....##.###.....#
#)....##.#
###.?..$
#.....##.# .....
#...W.##.# ...p.
#.....##.# ..
####..##.### p
#@...........
#..........##..
.......#..##...
...###...#.......#
.. #.....#.......
.w...## ##. ...
##...# #.. ....#


You could see a worm and vogonpoet's ghost.

Vanquished Creatures
  A scorpion (D:3)
  An adder (D:3)
  A worm (D:3)
  A dart slug (D:2)
  A leopard gecko (D:3)
  6 orcs (D:3)
  6 bats
  4 giant cockroaches
  6 goblins
  10 hobgoblins
  A quokka (D:3)
  A ball python (D:2)
  7 frilled lizards
  6 kobolds
  8 rats
60 creatures vanquished.

Vanquished Creatures (others)
  5 toadstools (D:1)
5 creatures vanquished.

Grand Total: 65 creatures vanquished

Notes
Turn   | Place    | Note
-------+----------+-------------------------------------------
     0 | D:1      | pstr the Naga Earth Elementalist began the quest for the Orb.
     0 | D:1      | Reached XP level 1. HP: 15/15 MP: 3/3
   174 | D:1      | Reached XP level 2. HP: 22/22 MP: 3/5
   727 | D:1      | Reached XP level 3. HP: 28/28 MP: 3/6
   737 | D:1      | Learned a level 3 spell: Stone Arrow
  2591 | D:3      | Reached XP level 4. HP: 29/36 MP: 0/8
  3387 | D:3      | Reached skill level 1 in Conjurations
  3387 | D:3      | Reached skill level 4 in Earth Magic
  3387 | D:3      | Reached XP level 5. HP: 43/43 MP: 0/9
  3488 | D:4      | Noticed a slave
  3489 | D:4      | Noticed a slave
  3497 | D:4      | Noticed vogonpoet's ghost (amateur HuIE)
  3522 | D:4      | Killed from afar by vogonpoet's ghost

Skill      XL: |  1  2  3  4 |
---------------+-------------+-----
Dodging        | 2 |  2.0
Spellcasting   | 3 |  3.2
Conjurations   | 1 |  1.0
Earth Magic    | 4 |  4.1
Fighting       | |  0.4
Stealth        | |  3.6
Transmutations | |  1.0

Action                   |  1- 3 |  4- 6 || total
-------------------------+-------+-------++-------
 Cast: Sandblast         |    45 |     7 ||    52
       Stone Arrow       |    23 |    10 ||    33
 Abil: Spit Poison       |    10 |     2 ||    12
Evoke: Wand              |     1 |       ||     1
  Use: Potion            |       |     6 ||     6
  Eat: Chunk             |     8 |     3 ||    11
Armor: Robe              |     5 |     1 ||     6
Dodge: Dodged            |    25 |     6 ||    31
